AoeStats
← JAMTART

MegaRandom

507243551Analyzed
2v2 RM · 16d ago on Sep 17, 2026· 73m 21s· 4 players
Game mode
Random Map
Map size
Medium (4 player)
Population
200
Speed
Normal
Resources
Standard
Victory
Conquest
Starting age
Dark Age
Ending age
Imperial Age
RankedLock teamsTeams togetherTeam positionsShared explorationLock speedFull tech treeHidden civsTurbo modeCheats
Victory
Defeat
🇨🇭 Lithuanians · Switzerland
930
+9
🇬🇧 Celts · United Kingdom
697
+17
🇹🇷 Mongols · Türkiye
799
-15
🇺🇸 Goths · United States
693
-11
uchihausman
11:48 Feudal Age
12:14 Horse Collar
12:20 Double-Bit Axe
16:10 Bloodlines
18:37 Scale Barding Armor
18:45 Forging
21:02 Wheelbarrow
20:21 Fletching
20:31 Padded Archer Armor
20:43 Gold Mining
24:17 Castle Age
22:15 Stone Mining
25:46 Light Cavalry
26:26 Husbandry
27:12 Gold Shaft Mining
27:13 Stone Shaft Mining
28:33 Iron Casting
28:19 Chain Barding Armor
28:45 Bow Saw
29:28 Heavy Plow
30:45 Bodkin Arrow
31:06 Leather Archer Armor
33:21 Ballistics
37:47 Imperial Age
36:52 Hand Cart
36:28 Town Watch
41:02 Bracer
42:03 Blast Furnace
42:07 Chemistry
40:33 Elite Mangudai
42:07 Conscription
41:25 Capped Ram
45:28 Hussar
artav001
14:03 Feudal Age
18:02 Wheelbarrow
17:15 Double-Bit Axe
25:31 Castle Age
25:50 Castle Age
24:16 Fishing Lines
24:50 Forging
24:40 Scale Mail Armor
26:03 Town Watch
27:07 Gold Mining
27:08 Stone Mining
27:32 Bow Saw
27:08 Horse Collar
28:09 Iron Casting
29:38 Hand Cart
29:58 Squires
29:56 Pikeman
37:22 Town Patrol
37:33 Anarchy
38:13 Heavy Plow
41:56 Imperial Age
40:20 Chain Mail Armor
40:06 Fletching
43:49 Conscription
47:20 Blast Furnace
47:17 Ballistics
47:59 Chemistry
46:55 Murder Holes
55:14 Bodkin Arrow
55:39 Elite Huskarl
60:22 Masonry
67:38 Perfusion
Doggtertee
8:49 Loom
10:52 Feudal Age
18:07 Castle Age
16:47 Forging
17:26 Double-Bit Axe
17:24 Fishing Lines
17:54 Horse Collar
24:12 Wheelbarrow
26:17 Scale Barding Armor
26:48 Stone Mining
26:51 Gold Mining
31:12 Imperial Age
29:35 Town Watch
30:08 Bloodlines
31:10 Bow Saw
33:30 Husbandry
33:32 Fletching
35:17 Hand Cart
35:49 Town Patrol
35:28 Cavalier
36:17 Gillnets
36:51 Ballistics
36:12 Treadmill Crane
36:28 Murder Holes
37:36 Chemistry
36:32 Murder Holes
37:42 Masonry
37:59 Chain Barding Armor
37:02 Light Cavalry
38:42 Winged Hussar
40:19 Plate Barding Armor
40:20 Iron Casting
40:53 Padded Archer Armor
40:16 Elite Leitis
41:04 Tower Shields
40:59 Elite Skirmisher
41:48 Thumb Ring
42:08 Conscription
43:23 Architecture
44:01 Bodkin Arrow
44:22 Leather Archer Armor
47:13 Paladin
50:19 Caravan
50:50 Coinage
50:58 Bracer
51:28 Ring Archer Armor
51:36 Hoardings
62:30 Scale Mail Armor
62:32 Squires
62:17 Arson
70:39 Two-Man Saw
69:43 Heavy Plow
70:22 Stone Shaft Mining
70:51 Banking
70:31 Guilds
70:23 Devotion
70:34 Redemption
70:24 Atonement
70:36 Fervor
70:41 Block Printing
70:52 Illumination
70:22 Herbal Medicine
71:03 Theocracy
70:48 Heresy
70:50 Sanctity
70:31 Hill Forts
JAMTART
12:17 Feudal Age
13:48 Double-Bit Axe
14:07 Horse Collar
15:34 Man-at-Arms
25:43 Castle Age
26:02 Fishing Lines
27:30 Bow Saw
27:03 Pikeman
27:04 Long Swordsman
27:31 Gambesons
28:22 Arson
28:02 Elite Skirmisher
28:53 Fletching
29:14 Forging
29:07 Padded Archer Armor
29:08 Scale Mail Armor
29:52 Heavy Plow
36:45 Imperial Age
38:22 Bodkin Arrow
39:03 Iron Casting
38:44 Leather Archer Armor
38:45 Chain Mail Armor
38:19 Town Watch
39:10 Wheelbarrow
38:21 Loom
38:09 Halberdier
39:08 Two-Handed Swordsman
41:36 Champion
43:25 Plate Mail Armor
55:44 Blast Furnace
58:17 Stronghold
59:05 Hoardings
58:01 Sappers
59:11 Ring Archer Armor
58:39 Gold Mining
58:40 Stone Mining
61:22 Chemistry
60:09 Arrowslits
60:15 Guard Tower
60:45 Ballistics
60:16 Heated Shot
60:07 Treadmill Crane
60:39 Masonry
60:34 Siege Engineers
60:26 Murder Holes
60:41 Fortified Wall
Connection lost

Rejoining the realm…

Still unreachable

The connection could not be restored.

Session expired

The server has moved on; the page needs a fresh start.